Construct Infanterie Kompanie
Construct Panzergrenadier Kompanie
Panzergrenadier Officer Quarters
Selects Mechanized Battlegroup
Construct Panzer Kompanie
Selects Wespe Self-propelled Artillery
Wespe Self-propelled Artillery
Pak 40 Anti-tank Gun Team
Wespe Self-propelled Artillery
Selects Zeroing Artillery Barrage
Selects StuG Assault Group
Selects UNKNOWN (2160084)
Construct Panzer Kompanie
Selects Zeroing Artillery Barrage
Zeroing Artillery Barrage